 Dungeon Crawl Stone Soup version 0.28.0 (webtiles) character file.

Game seed: 2666651290397149808

67 Hasart the Covered (level 3, 0/31 HPs)
             Began as a Demigod Fighter on Feb 13, 2022.
             Slain by a rat (3 damage)
             ... on level 3 of the Dungeon.
             The game lasted 00:01:35 (2023 turns).

Hasart the Covered (Demigod Fighter)                Turns: 2023, Time: 00:01:35

Health: 0/31       AC:  6    Str: 17    XL:     3   Next: 70%
Magic:  5/5        EV:  9    Int: 10    God:
Gold:   124        SH:  5    Dex: 17    Spells: 2/2 levels left

rFire   . . .      SeeInvis .   a - +0 long sword
rCold   . . .      Faith    .   c - +0 buckler
rNeg    . . .      Spirit   .   b - +0 scale mail
rPois   .          Reflect  .   (no helmet)
rElec   .          Harm     .   (no cloak)
rCorr   .          Rampage  .   (no gloves)
Will    .....                   (no boots)
Stlth   ..........              (no amulet)
HPRegen 0.10/turn               (no ring)
MPRegen 0.09/turn               (no ring)

@: no status effects
A: high MP 1, forlorn, divine attributes
a: no special abilities


You were on level 3 of the Dungeon.
You visited 1 branch of the dungeon, and saw 3 of its levels.

You collected 124 gold pieces.

Inventory:

Hand Weapons
 a - a +0 long sword (weapon)
Missiles
 g - 3 javelins (quivered)
Armour
 b - a +0 scale mail (worn)
 c - a +0 buckler (worn)
Scrolls
 e - 4 scrolls of identify {unknown}
 h - a scroll of fog {unknown}
 j - a scroll of magic mapping {unknown}
 k - 3 scrolls of teleportation {unknown}
 m - a scroll of fear {unknown}
Potions
 d - a potion of might
 f - a potion of heal wounds {unknown}
 i - 2 potions of curing {unknown}
 l - a potion of lignification {unknown}
 n - a potion of attraction {unknown}


   Skills:
 + Level 3.0 Fighting
 * Level 2.8 Long Blades
 + Level 0.5 Throwing
 + Level 3.0 Armour
 + Level 0.7 Dodging
 + Level 2.9 Shields


You had 2 spell levels left.
You didn't know any spells.
Your spell library was empty.

Dungeon Overview and Level Annotations

Branches:
Dungeon (3/15)


Innate Abilities, Weirdness & Mutations

You have an increased reservoir of magic. (+10% MP)
You shall have no god before yourself.
Your divine heritage dramatically boosts your attributes as you level up.


Message History

An orc comes into view. It is wielding a +0 club.
An orc is nearby!
The orc shouts!
A rat comes into view.
You barely miss the orc. You block the orc's attack.
You barely miss the orc. The orc hits you but does no damage.
The orc closely misses you.
You barely miss the orc. The orc hits you with a +0 club.
You hit the orc but do no damage. The orc completely misses you.
The rat bites you but does no damage.
You barely miss the orc. The orc barely misses you. The rat bites you.
* * * LOW HITPOINT WARNING * * *
The orc hits you with a +0 club.
* * * LOW HITPOINT WARNING * * *
You hit the orc.
The orc is lightly wounded.
The rat bites you but does no damage. The orc hits you but does no damage.
You block the rat's attack.
You hit the orc but do no damage. The orc hits you but does no damage.
The rat completely misses you.
You barely miss the orc. The orc hits you with a +0 club.
* * * LOW HITPOINT WARNING * * *
The rat closely misses you. The orc hits you but does no damage.
You hit the orc but do no damage. The rat bites you but does no damage.
The orc hits you but does no damage. You block the rat's attack.
You hit the orc.
The orc is heavily wounded.
The orc barely misses you. The rat bites you but does no damage.
You hit the orc.
The orc is severely wounded.
The orc closely misses you. The rat barely misses you.
You hit the orc but do no damage.
The orc is severely wounded.
The orc hits you but does no damage. The rat bites you.
* * * LOW HITPOINT WARNING * * *
The orc completely misses you.
You hit the orc.
You kill the orc!
The rat bites you.
You die...

#########
#.......#
#.......#
#.......#
#.......#
#...<...##########
#>........@)......
#..........r......
#.##.##.#.########
#.. #.##.#... #.
########## #


You could see a rat.

Vanquished Creatures
  A gnoll (D:2)
  An adder (D:2)
  A worm (D:2)
  2 dart slugs
  An orc (D:3)
  7 endoplasms
  2 giant cockroaches
  4 hobgoblins
  3 quokkas
  2 ball pythons (D:1)
  5 bats
  4 frilled lizards (D:1)
  3 goblins (D:1)
  5 kobolds
  2 rats (D:2)
43 creatures vanquished.

Notes
Turn   | Place    | Note
-------+----------+-------------------------------------------
     0 | D:1      | Hasart the Demigod Fighter began the quest for the Orb.
     0 | D:1      | Reached XP level 1. HP: 18/18 MP: 3/3
     6 | D:1      | Noticed a wyvern
     6 | D:1      | Noticed an iguana
     7 | D:1      | Noticed a black bear
     7 | D:1      | Noticed a hound
   308 | D:1      | Reached XP level 2. HP: 25/25 MP: 4/4
  1070 | D:2      | Reached XP level 3. HP: 30/30 MP: 5/5
  2023 | D:3      | Slain by a rat

Illustrated notes

Levels and vault maps discovered:
D:1:      onia_arrival_zoo_common, layout_rooms, minmay_tetromino_l2
D:2:      layout_basic
D:3:      layout_basic, lightli_temple_of_fire, serial_shops, shop, minmay_puff

Skill      XL: |  1  2  3 |
---------------+----------+-----
Long Blades    | 2 |  2.8
Armour         | 3 |  3.0
Fighting       | 3 |  3.0
Throwing       | |  0.5
Dodging        | |  0.7
Shields        | |  2.9

Action                   || total
-------------------------++-------
Melee: Long sword        ||   159
Armor: Scale mail        ||    73
Dodge: Dodged            ||    83
Block: Buckler           ||    41
